 Dungeon Crawl Stone Soup version 0.31.0-32-g396128a36d (webtiles) character file.

Game seed: 16192984479599995140

6162 GigaNiga123 the Gouger (level 10, -5/49 HPs)
             Began as a Felid Shapeshifter on Mar 13, 2024.
             Was an Initiate of Hepliaklqana.
             Slain by a gnoll
             ... wielding a +0 halberd
              (8 damage)
             ... in a bailey on Mar 14, 2024.
             The game lasted 01:21:36 (8108 turns).

GigaNiga123 the Gouger (Felid Shapeshifter)         Turns: 8108, Time: 01:21:37

Health: -5/49      AC:  4    Str: 14    XL:     10   Next: 60%
Magic:  0/11       EV: 21    Int: 15    God:    Hepliaklqana [......]
Gold:   537        SH:  0    Dex: 15    Spells: 9/9 levels left
                                        Lives:  0   Deaths: 4

rFire   . .          .
                       - Unarmed
rCold   . . .        (shield unavailable)
rNeg    . . .        (body armour unavailable)
rPois   .            (helmet unavailable)
rElec   .            (cloak unavailable)
rCorr   +            (gloves unavailable)
SInv    +            (boots unavailable)
Will    ++...        (no amulet)
Stlth   ++++         d - ring of willpower
HPRegen 0.28/turn    x - ring of resist corrosion
MPRegen 0.12/turn

%: no passive effects
@: beast-form, weakened
A: beast (slay +3), very small, claws 1, fangs 3, see invisible, shaggy fur 2,
stealthy paws, no weapons or thrown items, no armour, multi-lived, horns 1,
iridescent scales 1, MP-powered wands
a: Begin Untransformation, Renounce Religion


You were in a bailey.
You worshipped Hepliaklqana.
Hepliaklqana was noncommittal.
You were a hulking beast.
You visited 3 branches of the dungeon, and saw 10 of its levels.
You also visited: Bailey.

You collected 537 gold pieces.

Inventory:

Hand Weapons
 f - a +1 short sword of electrocution
 n - a +1 mace of holy wrath
 o - a +1 dagger of flaming
 p - a +5 battleaxe
 r - a +5 short sword
 t - a +2 whip of freezing
 u - a +3 quarterstaff of chaos
Missiles
 g - 3 throwing nets
 h - 3 poisoned darts
 l - 3 boomerangs
Armour
 k - a +2 robe of positive energy
 m - the +1 robe of Inycwaos {rPois rC+}
   (You took it off an orc on level 3 of the Dungeon)

   rC+:       It protects you from cold.
   rPois:     It protects you from poison
Magical Staves
 i - a staff of cold
 q - a staff of fire
Jewellery
 d - a ring of willpower (left paw)
 x - a ring of resist corrosion (right paw)
Talismans
 b - a beast talisman
 c - a flux talisman
 e - a maw talisman
 j - a flux talisman
Wands
 v - a wand of flame (15)
Scrolls
 a - 4 scrolls of identify
 s - 2 scrolls of amnesia
 y - a scroll of revelation


   Skills:
 + Level 3.1 Fighting
 + Level 8.2 Dodging
 + Level 7.5 Stealth
 + Level 11.9 Unarmed Combat
 + Level 3.7 Evocations
 + Level 6.0 Shapeshifting


You had 9 spell levels left.
You didn't know any spells.
Your spell library contained the following spells:

 Spells                   Type           Power      Damage    Failure   Level
 Tukima's Dance           Hex            0%         N/A       63%         3
 Anguish                  Hex/Necr       0%         N/A       95%         4
 Cause Fear               Hex            0%         N/A       95%         4
 Iskenderun's Mystic Bla  Conj/Tloc      0%         2d3       95%         4
 Enfeeble                 Hex            0%         N/A       100%        7
 Dimensional Bullseye     Hex/Tloc       Unusable   N/A       N/A         4

Dungeon Overview and Level Annotations

Branches:
Dungeon (8/15)             Temple (1/1) D:7            Lair (1/5) D:8
 Bailey (1/1)

Altars:
Ashenzari
Cheibriados
Elyvilon
Fedhas
Gozag
Hepliaklqana
Kikubaaqudgha
Makhleb
Nemelex Xobeh
Okawaru
Qazlal
Sif Muna
Trog
Uskayaw
Wu Jian
Zin
The Shining One

Shops:
D:5 *

Annotations:
D:3 3 runed translucent doors, jagang's ghost, amateur HuMo


Innate Abilities, Weirdness & Mutations

You are a hulking beast.
Your limbs bulge with bestial killing power. (Slay +3)
You have sharp claws.
You have razor-sharp teeth.
You have supernaturally acute eyesight. (SInv)
You are covered in thick fur. (AC +2)
Your paws help you pounce on unaware monsters.
You are incapable of wielding weapons or throwing items.
You cannot wear armour.
You gain extra lives every three experience levels.
You have a pair of small horns on your head.
You are partially covered in iridescent scales. (AC +2)
You expend magic power (3 MP) to strengthen your wands.


Message History

The wolf howls!
Aiming: Fastroot
Press: ? - help, Shift-Dir - straight line, f/p - gnoll bouda
Aim: a gnoll bouda, wielding a +0 spear and wearing a +0 scale mail (severely wounded, covering ground quickly)
The roots erupt in riotous growth!
The gnoll is unaffected.
The gnoll sergeant is unaffected.
Roots grab the gnoll bouda.
The grasping roots constrict the gnoll.
The grasping roots constrict the gnoll bouda.
The grasping roots constrict the gnoll sergeant!
You kill the gnoll sergeant!
The gnoll misses you.
The gnoll bouda calls upon its god to heal the gnoll.
The gnoll is healed somewhat.
Unknown command.
Aiming: Fastroot
Press: ? - help, Shift-Dir - straight line, f/p - gnoll bouda
Aim: a gnoll bouda, wielding a +0 spear and wearing a +0 scale mail (almost dead, covering ground quickly, constricted by roots)
The roots erupt in riotous growth!
The gnoll is unaffected.
Roots grab the gnoll.
Roots grab the wolf.
The gnoll bouda is unaffected.
The now-empty wand crumbles to dust.
The grasping roots constrict the gnoll.
The grasping roots constrict the gnoll!
You kill the gnoll!
The grasping roots constrict the wolf.
The grasping roots constrict the gnoll bouda.
You kill the gnoll bouda!
A gnoll bouda comes into view. It is wielding a +0 halberd.
The wolf struggles to escape constriction.
The gnoll struggles to escape constriction.
Aiming: Throw Flame
Press: ? - help, Shift-Dir - straight line, f - gnoll bouda
Aim: a gnoll bouda, wielding a +0 halberd and wearing a +0 scale mail (81% to hit)
The puff of flame hits the gnoll but does no damage.
The grasping roots constrict the gnoll!
The grasping roots constrict the wolf!
The wolf struggles to escape constriction.
The gnoll bouda barks out a call to the hunt!
The wolf struggles to escape constriction.
The gnoll struggles to escape constriction.
The gnoll hits you from afar with a +0 halberd!
You die...

♣≈... ...$..g#...'
♣≈... ...8.ggg†..'
♣≈.g. ...$.gg#...'
♣≈..# #....g######
♣≈..# ##...# # ♣≈gh#
#### # ♣≈hg# # ♣≈))##
# ♣≈..h## ### ♣≈≈...#
#†.
♣♣≈≈≈≈≈≈≈≈≈≈≈≈≈≈≈≈≈≈≈
♣♣♣♣♣♣♣♣♣♣♣♣♣♣♣♣♣♣♣♣


You could see 2 wolves, a gnoll bouda and 2 gnolls.

Vanquished Creatures
  Pikel (D:6)
  A kobold demonologist (D:5)
  2 komodo dragons (D:8)
  Sigmund (D:6)
  2 yaks (D:8)
  Menkaure (D:7)
  A water moccasin (D:7)
  Duvessa (D:5)
  2 orc warriors (D:7)
  A sky beast (D:6)
  2 black bears
  An ice beast (D:7)
  3 centaurs
  3 wolves (Bailey)
  2 phantoms
  2 lemures (D:6)
  4 bullfrogs
  3 gnoll sergeants
  3 scorpions
  3 wights (D:6)
  Dowan (D:5)
  3 howler monkeys (D:7)
  2 bombardier beetles
  5 jellies
  4 hounds
  Crazy Yiuf (D:6)
  3 gnoll boudas (Bailey)
  5 iguanas
  5 orc wizards
  A sleepcap (D:7)
  Robin (D:4)
  13 gnolls
  11 adders
  2 shadow imps
  2 ufetubi (D:6)
  2 dart slugs
  3 ribbon worms
  24 orcs
  5 bats
  11 endoplasms
  4 giant cockroaches
  17 goblins
  8 hobgoblins
  11 jackals
  3 quokkas
  6 ball pythons
  4 frilled lizards
  6 kobolds
  3 rats
205 creatures vanquished.

Vanquished Creatures (collateral kills)
  An elephant (D:8)
  4 yaks (D:8)
5 creatures vanquished.

Grand Total: 210 creatures vanquished

Notes
Turn   | Place    | Note
-------+----------+-------------------------------------------
     0 | D:1      | GigaNiga123 the Felid Shapeshifter began the quest for the
                  | Orb.
     0 | D:1      | Reached XP level 1. HP: 10/10 MP: 2/2
   170 | D:1      | Reached XP level 2. HP: 13/14 MP: 3/3
   524 | D:1      | Gained mutation: You passively map a small area around you.
                  | [potion of mutation]
   524 | D:1      | Gained mutation: Your spells are a little harder to cast,
                  | but a little more powerful. [potion of mutation]
   524 | D:1      | Gained mutation: You are partially covered in iridescent
                  | scales. (AC +2) [potion of mutation]
   525 | D:1      | Lost mutation: You are partially covered in iridescent
                  | scales. (AC +2) [potion of mutation]
   525 | D:1      | Lost mutation: You passively map a small area around you.
                  | [potion of mutation]
   525 | D:1      | Gained mutation: You are robust. (+10% HP) [potion of
                  | mutation]
   525 | D:1      | Gained mutation: You occasionally shout uncontrollably at
                  | your foes. [potion of mutation]
   526 | D:1      | Lost mutation: Your spells are a little harder to cast, but
                  | a little more powerful. [potion of mutation]
   526 | D:1      | Lost mutation: You are robust. (+10% HP) [potion of
                  | mutation]
   526 | D:1      | Lost mutation: You occasionally shout uncontrollably at
                  | your foes. [potion of mutation]
   526 | D:1      | Gained mutation: You have a pair of small horns on your
                  | head. [potion of mutation]
   526 | D:1      | Gained mutation: You expend magic power (3 MP) to
                  | strengthen your wands. [potion of mutation]
   526 | D:1      | Gained mutation: You are partially covered in iridescent
                  | scales. (AC +2) [potion of mutation]
   627 | D:1      | You fall into a shaft and drop 1 floor!
   690 | D:2      | Reached XP level 3. HP: 18/18 MP: 4/4
   740 | D:2      | Reached skill level 1 in Stealth
   740 | D:2      | Reached skill level 4 in Unarmed Combat
   873 | D:2      | Reached XP level 4. HP: 21/22 MP: 5/5
   873 | D:2      | Gained a life (2 lives remaining)
  1529 | D:3      | Found a runed translucent gate.
  1529 | D:3      | Found a runed translucent gate.
  1529 | D:3      | Found a runed translucent gate.
  1534 | D:3      | Noticed jagang's ghost (amateur HuMo)
  1713 | D:3      | Reached XP level 5. HP: 25/25 MP: 6/6
  1799 | D:3      | Identified the +1 robe of Inycwaos {rPois rC+}
  1964 | D:3      | Reached skill level 5 in Unarmed Combat
  2553 | D:4      | Gained mutation: You are covered in thick fur. (AC +2)
                  | [Felid growth]
  2553 | D:4      | Reached XP level 6. HP: 5/30 MP: 3/7
  2553 | D:4      | HP: 1/30 [burnt (4)]
  2554 | D:4      | Incinerated by a bombardier beetle
  2554 | D:4      | Lost a life (1 life remaining)
  2848 | D:4      | Noticed Robin
  2858 | D:4      | Found an ornate altar of the Wu Jian Council.
  2860 | D:4      | Killed Robin
  3018 | D:4      | Reached skill level 6 in Unarmed Combat
  3179 | D:5      | Entered Level 5 of the Dungeon
  3202 | D:5      | Found a broken altar of Ashenzari.
  3235 | D:5      | Reached XP level 7. HP: 33/33 MP: 8/8
  3235 | D:5      | Gained a life (2 lives remaining)
  3316 | D:5      | Found a white marble altar of Elyvilon.
  3395 | D:5      | Noticed Duvessa
  3396 | D:5      | Noticed Dowan
  3426 | D:5      | Found a stormy altar of Qazlal.
  3454 | D:5      | Found Zin's Purification Station.
  3461 | D:5      | Reached skill level 1 in Evocations
  3521 | D:5      | Found a glowing silver altar of Zin.
  3567 | D:5      | Found a burning altar of Makhleb.
  3860 | D:5      | Killed Dowan
  3899 | D:5      | Killed Duvessa
  3900 | D:5      | Reached skill level 7 in Unarmed Combat
  4018 | D:6      | Noticed a kobold demonologist
  4035 | D:5      | Killed a kobold demonologist
  4036 | D:5      | Reached skill level 5 in Dodging
  4036 | D:5      | Reached skill level 5 in Stealth
  4036 | D:5      | Reached XP level 8. HP: 26/39 MP: 9/9
  4147 | D:6      | Reached skill level 8 in Unarmed Combat
  4258 | D:6      | Noticed Pikel
  4258 | D:6      | Noticed Sigmund
  5061 | D:6      | Reached skill level 9 in Unarmed Combat
  5105 | D:6      | Reached XP level 9. HP: 43/43 MP: 10/10
  5119 | D:6      | Found a runed translucent door.
  5120 | D:6      | Noticed Crazy Yiuf
  5127 | D:6      | Killed Crazy Yiuf
  5377 | D:6      | Found a blossoming altar of Fedhas.
  5698 | D:6      | Killed Pikel
  5699 | D:6      | Reached skill level 5 in Shapeshifting
  5752 | D:6      | Killed Sigmund
  5854 | D:7      | Found a hide-covered altar of Uskayaw.
  6491 | D:7      | Reached skill level 10 in Unarmed Combat
  6528 | D:7      | Found a snail-covered altar of Cheibriados.
  6576 | D:7      | HP: 2/43 [orc warrior/+0 trident (15)]
  6603 | D:7      | Slain by an orc warrior
  6603 | D:7      | Lost a life (1 life remaining)
  6631 | D:7      | Noticed Menkaure
  6635 | D:7      | Killed Menkaure
  6875 | D:7      | Found a staircase to the Ecumenical Temple.
  6905 | Temple   | Entered the Ecumenical Temple
  6985 | Temple   | Became a worshipper of Hepliaklqana the Forgotten
  7308 | D:8      | Noticed an elephant
  7314 | D:8      | Noticed a komodo dragon
  7377 | D:8      | Killed a komodo dragon
  7378 | D:8      | Reached XP level 10. HP: 13/48 MP: 11/11
  7378 | D:8      | Gained a life (2 lives remaining)
  7422 | D:8      | Found a staircase to the Lair.
  7433 | D:8      | Reached skill level 11 in Unarmed Combat
  7439 | Lair:1   | Entered Level 1 of the Lair of Beasts
  7633 | D:8      | Found an opulent altar of Gozag.
  7695 | D:8      | HP: 2/49 [yak (16)]
  7710 | D:8      | Killed an elephant
  7825 | D:8      | Found a flagged portal.
  7837 | Bailey   | Entered a bailey
  8040 | Bailey   | Slain by a gnoll sergeant
  8040 | Bailey   | Lost a life (1 life remaining)
  8065 | Bailey   | Slain by a gnoll sergeant
  8065 | Bailey   | Lost a life (0 lives remaining)
  8103 | Bailey   | HP: 2/49 [gnoll sergeant/+0 halberd (17)]
  8108 | Bailey   | Slain by a gnoll

Illustrated notes

Levels and vault maps discovered:
D:1:      spicycebolla_arrival_risky_transporter, layout_basic,
          nicolae_figureground_sparkle
D:2:      layout_loops_ring
D:3:      layout_basic, gammafunk_ghost_necromancy
D:4:      layout_rooms, lemuel_tele_altar, uniq_robin
D:5:      layout_cave_pools, evilmike_ruin_ashenzari,
          mainiacjoe_overflow_alcove_4, lemuel_round_altar,
          mainiacjoe_overflow_24_doors, zin_purify, uniq_duvessa
D:6:      layout_gridville, fedhas_altar_4, uniq_sigmund,
          uniq_crazy_yiuf_cottage, uniq_pikel
D:7:      layout_rooms, amcnicky_altar_gilded, overflow_temple_1_default,
          minmay_temple_entry_grid, uniq_menkaure
D:8:      layout_rooms, old_standard_altar, lemuel_round_altar,
          gammafunk_temple_overflow_elements, grunt_lair_entry_orc_guard_hut,
          enter_bailey_5, nicolae_concentric_dashed_squares_wild
Temple:   nicolae_temple_little_seven
Lair:1:   layout_regular_city, nzn_ghost_randoct, lemuel_centaur_altar,
          uniq_sonja
Bailey:   bailey_polearm_gnolls_kennysheep, bailey

Skill      XL: |  1  2  3  4  5  6  7  8  9 10 |
---------------+-------------------------------+-----
Dodging        | 3 4 5 6 7 8 |  8.2
Shapeshifting  | 3 4 5 6 |  6.0
Stealth        | 1 2 3 5 6 7 |  7.5
Unarmed Combat | 4 5 6 7 9 10 11 | 11.9
Evocations     | 1 2 3 |  3.7
Fighting       | 2 3 |  3.1

Action                     |  1- 3 |  4- 6 |  7- 9 | 10-12 || total
---------------------------+-------+-------+-------+-------++-------
  Melee: Unarmed           |    63 |   141 |   229 |    43 ||   476
         Headbutt          |     5 |    27 |    37 |     9 ||    78
         Bite              |     3 |    13 |    32 |     5 ||    53
         Punch             |     1 |     4 |    13 |     2 ||    20
  Evoke: Wand              |       |     9 |    13 |    26 ||    48
    Use: Scroll            |     3 |     4 |     9 |     1 ||    17
         Potion            |     5 |     3 |     8 |     3 ||    19
   Stab: Sleeping          |     2 |     9 |     6 |       ||    17
         Distracted        |       |       |     1 |     1 ||     2
 Armour: Skin              |    24 |    48 |   112 |    42 ||   226
  Dodge: Dodged            |    47 |   133 |   197 |   100 ||   477
